[Event "14th Karen Asrian Memorial 2024"]
[Site "Yerevan"]
[Date "2024.04.24"]
[Round "1.1"]
[White "Petrosyan, Manuel"]
[Black "Sklokin, Sergey"]
[Result "1-0"]
[ECO "D30"]
[WhiteElo "2616"]
[BlackElo "2054"]
[Annotator "TA"]
[PlyCount "87"]
[EventDate "2024.04.24"]
[EventType "swiss"]
[EventCountry "ARM"]
[SourceTitle "playchess.com"]
[Source "ChessBase"]
[SourceQuality "1"]
[TimeControl "40/5400+30:1800+30"]

1. d4 d5 2. c4 e6 3. Nf3 c5 4. cxd5 exd5 5. g3 Nc6 6. Bg2 Nf6 7. O-O Be7 8. dxc5 Bxc5 9. a3 a5 10. Bg5 Be6 11. Qc2 Ba7 {[%emt 0:05:10] White is slightly better.} 12. Nc3 h6 13. Bxf6 Qxf6 14. Rad1 O-O 15. Nxd5 Bxd5 16. Rxd5 Nd4 17. Qd3 Rfd8 18. Nxd4 (18. Rxa5 Nxf3+ 19. Qxf3 Bxf2+ (19... Qxb2 $2 20. e3 $18) 20. Rxf2 Qxf3 (20... Rxa5 21. Qxb7 Rf5 22. Rxf5 $15) 21. Rxf3 (21. Rxa8 Qxf2+ 22. Kxf2 Rxa8 $17) 21... Rxa5 $17) 18... Rxd5 (18... Bxd4 $142 19. Rb5 Bxb2) 19. Bxd5 $16 Bxd4 20. b3 Rd8 21. Qc4 b6 22. e3 Bc5 23. Rd1 {[%emt 0:04:34][%cal Od5f7] Bxf7+! would now be deadly.} Be7 24. b4 axb4 25. axb4 Kf8 26. Rb1 g6 27. Kg2 Kg7 28. Rb3 Qf5 {[%emt 0:03:18] [#]} 29. e4 Qe5 30. Ra3 ({But not} 30. Bxf7 $6 Rd4 31. Qe6 Qxe6 32. Bxe6 Rxe4 $11) 30... f5 (30... Rd7 $16 {was worth a try.} 31. Ra8 (31. Bxf7 Rd4 $11) 31... Bd8 32. Bxf7 Rd4) 31. Ra7 $18 fxe4 32. Bxe4 $40 {[%emt 0:00:11][%mdl 128] White goes for the king.} b5 {[%emt 0:00:28] Black is weak on the light squares} 33. Qc2 Rd4 34. Bf3 h5 $2 (34... Rc4 {is a better defense.} 35. Qd3 Rc7) 35. Qc3 {[%emt 0:05:08][%cal Oa7e7] [#] aiming for Rxe7+!} Kf7 36. Rd7 Re4 37. Qb3+ Rc4 38. Rd5 (38. Bd5+ $142 Ke8 39. Bxc4 (39. Rxe7+ Kxe7 40. Bxc4 Qe4+ 41. Kf1 Qh1+ 42. Ke2 bxc4 $18) 39... Kxd7 40. Qd3+ Kc6 41. Qxg6+ Kc7 42. Bf1) 38... Qb8 $2 (38... Qc3 39. Qxc3 Rxc3) 39. Be2 {[%emt 0:00:28][%cal Od5b5] And now Rxb5! would win.} Rxb4 40. Rf5+ (40. Rxh5+ $2 Rxb3 41. Rh7+ Kf6 $19) 40... Kg7 41. Qf7+ (41. Rxb5 $2 {loses.} Rxb3 42. Rxb8 Rxb8 $19) 41... Kh6 42. Qxe7 (42. Rxh5+ $142 gxh5 43. Qe6+ (43. Qxe7 Rg4 $18) 43... Kg7 44. Qxe7+ Kg8 45. Qxb4) 42... Rb2 43. Qg5+ Kg7 44. Qf6+ {[%emt 0:00:06] Weighted Error Value: White=0.14 (very precise) /Black=0.53.  Mistake:       	White=1     	Black=4      Inaccurate:     	---       	Black=4      OK:         	White=12    	Black=12     Best:        	White=3     	---} 1-0

[Event "14th Karen Asrian Memorial 2024"]
[Site "Yerevan"]
[Date "2024.04.24"]
[Round "1.2"]
[White "Andreasyan, Edgar"]
[Black "Andriasian, Zaven"]
[Result "0-1"]
[ECO "E93"]
[WhiteElo "2051"]
[BlackElo "2570"]
[Annotator "TA"]
[PlyCount "90"]
[EventDate "2024.04.24"]
[EventType "swiss"]
[EventCountry "ARM"]
[SourceTitle "playchess.com"]
[Source "ChessBase"]
[SourceQuality "1"]
[TimeControl "40/5400+30:1800+30"]

1. d4 Nf6 2. c4 g6 3. Nc3 Bg7 4. e4 d6 5. Be2 Nbd7 6. Bg5 a6 7. Nf3 e5 8. O-O O-O 9. d5 h6 10. Bh4 Qe8 11. Nd2 Nh7 12. b4 h5 ({Better is} 12... Ng5 $14) 13. f3 f5 14. Bf2 f4 (14... Ndf6 $142) 15. c5 g5 16. Nc4 Qg6 17. Rc1 Bh6 18. cxd6 cxd6 19. Na4 g4 $1 20. Kh1 (20. Ncb6 $14 Nxb6 21. Nxb6) 20... g3 $11 21. Bg1 {[%emt 0:06:27] [#]} (21. Bb6 $1 $11 {remains equal.}) 21... h4 $1 $17 {[%emt 0:01:44][%cal Oh4h3] aiming for ...h3!} 22. Bd3 {[%emt 0:02:33] [#]} (22. Re1 $17 {might work better.}) 22... h3 $1 $19 23. Rc2 {[%emt 0:08:49] [#]} Ng5 (23... b5 $1 $19 24. Ncb6 Rb8 25. Nxc8 Rbxc8 (25... Rfxc8 $2 26. Nb2 $19)) 24. Re1 $2 {[%emt 0:03:47] This costs White the game.} (24. gxh3 $17 Nf6 (24... Nxh3 25. Bb6 $17) 25. Nxd6 Bxh3 (25... Nxh3 $2 {too greedy.} 26. Nb6 $18) 26. Nf5) 24... Rb8 (24... b5 $142 25. Nxd6 Qxd6 (25... bxa4 $2 26. gxh3 Nxh3 27. Bc5 $19)) 25. Na5 $2 (25. gxh3 Nxh3 (25... b5 26. Nxd6 bxa4 27. Nf5 $17) 26. Qe2) 25... Nf6 26. Bf1 Qh5 27. Qd3 (27. Nb6 $142) 27... Kh8 {[%emt 0:04:05] ...hxg2+ is the strong threat.} 28. Nb6 hxg2+ 29. Bxg2 Bh3 30. Rf1 {[%emt 0:00:04] [#]} Nfxe4 $1 31. Bxh3 Qxh3 32. Rg2 gxh2 {[%emt 0:01:18] ( -> ...Ng3+)} 33. Bf2 Ng3+ 34. Bxg3 fxg3 35. Qg6 Nxf3 36. Qxg3 Qxg3 37. Rxg3 Nh4 38. Re1 Rf4 39. Nac4 Rbf8 {[%emt 0:00:26] ...e4 would now be deadly.} 40. Ne3 $2 (40. Nxd6 Rf1+ (40... Rxb4 41. Nd7 $17) 41. Rxf1 Rxf1+ 42. Kxh2) 40... Rxb4 41. Nec4 Rf4 42. Rc3 Nf3 43. Rd1 e4 {[%emt 0:00:20] Hoping for ...Rg4.} 44. Nc8 {[%emt 0:01:11] [#]} Rxc4 $1 45. Rxc4 (45. Rxf3 exf3) 45... Rg4 {[%emt 0:00:07] Weighted Error Value: White=1.21/Black=0.88.  Loses game:     	White=1     	---        Mistake:       	White=6     	Black=3      Inaccurate:     	White=5     	Black=1      OK:         	White=3     	Black=6      Best:        	---       	Black=1      Strong:       	---       	Black=2      Brilliant:      	---       	Black=1} 0-1

[Event "14th Karen Asrian Memorial 2024"]
[Site "Yerevan"]
[Date "2024.04.24"]
[Round "1.3"]
[White "Pranesh M"]
[Black "Arakelyan, Manvel"]
[Result "1-0"]
[ECO "B33"]
[WhiteElo "2538"]
[BlackElo "2033"]
[Annotator "TA"]
[PlyCount "53"]
[EventDate "2024.04.24"]
[EventType "swiss"]
[EventCountry "ARM"]
[SourceTitle "playchess.com"]
[Source "ChessBase"]
[SourceQuality "1"]
[TimeControl "40/5400+30:1800+30"]

1. e4 c5 2. Nf3 Nc6 3. d4 cxd4 4. Nxd4 Nf6 5. Nc3 e5 6. Ndb5 d6 7. Nd5 Nxd5 8. exd5 Nb8 9. a4 Be7 10. Bd2 O-O 11. a5 f5 {[%emt 0:09:08] The position is equal.} 12. Be2 Nd7 13. Bb4 Nf6 14. O-O f4 15. c4 Bf5 16. a6 b6 17. f3 Ne8 18. Bd3 Nc7 19. Bxf5 Rxf5 20. Qd3 Rf6 21. Rfc1 Qc8 22. Qa3 Qd7 23. Nc3 Rg6 {[%emt 0:01:31] [#] Strongly threatening ...Qh3.} 24. Kf1 Rh6 25. h3 b5 (25... Ne8 $11 {remains equal.}) 26. cxb5 $16 {[%emt 0:07:19] aiming for Qa4.} Nxd5 $2 27. Qb3 {[%emt 0:00:41] Weighted Error Value: White=0.09 (flawless) /Black=0.18 (very precise) .  Loses game:     	---       	Black=1      Mistake:       	---       	Black=1      Inaccurate:     	White=1     	Black=1      OK:         	White=7     	Black=3} ({Not} 27. Nxd5 Qxb5+ 28. Kg1 Qxd5 $11) 1-0

[Event "14th Karen Asrian Memorial 2024"]
[Site "Yerevan"]
[Date "2024.04.24"]
[Round "1.4"]
[White "Kobak, Polina"]
[Black "Ohanyan, Emin"]
[Result "0-1"]
[ECO "E04"]
[WhiteElo "2027"]
[BlackElo "2488"]
[Annotator "TA"]
[PlyCount "126"]
[EventDate "2024.04.24"]
[EventType "swiss"]
[EventCountry "ARM"]
[SourceTitle "playchess.com"]
[Source "ChessBase"]
[SourceQuality "1"]
[TimeControl "40/5400+30:1800+30"]

1. d4 d5 2. c4 e6 3. Nf3 Nf6 4. g3 dxc4 5. Bg2 c6 6. a4 {[%emt 0:02:29] E04: Open Catalan: 5 Nf3.} Bb4+ 7. Bd2 a5 8. Qc2 O-O 9. Qxc4 Be7 10. O-O b6 $146 ({Predecessor:} 10... Na6 11. Rd1 Nb4 12. Ne5 Nfd5 13. e4 Nb6 14. Qc3 Bd7 15. b3 Rc8 16. Be3 Be8 {1-0 Oparin,G (2683)-Bharath,S (2495) Titled Tuesday intern op 27th Sep Early blitz 2022 (10)}) 11. Qc2 Ba6 12. Nc3 Nbd7 13. Rfd1 Nd5 14. Nxd5 cxd5 15. Bc3 Rc8 16. Qd2 Bc4 17. Qe1 Bb3 18. Rdc1 Bc4 19. Nd2 Ba6 20. e4 Nf6 21. e5 Nd7 22. Nf1 Nb8 23. Ne3 Nc6 24. Bf1 Bxf1 25. Qxf1 Qd7 26. Nc2 Qb7 27. Qd3 Rc7 28. Na3 Na7 29. Bd2 Rfc8 30. Nb5 Qa6 31. Rxc7 Rxc7 32. Rc1 Nxb5 33. Qxb5 Qxb5 34. axb5 Rxc1+ 35. Bxc1 a4 36. Kf1 f6 37. f4 g5 38. Ke2 fxe5 39. fxe5 g4 40. Bd2 Kf7 41. Kd3 Kg6 42. Be3 h5 43. Bf2 h4 (43... Bb4 $5 44. Be3 $8 Be7 $11) 44. Be1 h3 45. Bc3 Kf5 46. Bd2 Bf8 $2 {[%emt 0:00:02][%mdl 8192] [#]} (46... Bd8 $11 {and Black is okay.}) 47. Ba5 $1 $18 Bh6 (47... bxa5 $2 48. b6 Kg6 49. b7 $18) 48. Bxb6 Bf4 49. Ba5 $2 (49. gxf4 $2 g3 50. hxg3 h2 $19) (49. Bc5 $18 {[%cal Ob5b6] Hoping for b6!} Bxg3 50. b6 (50. hxg3 $2 h2 $19) 50... Bxh2 51. b7) 49... Bxg3 $1 $11 50. b6 (50. hxg3 $2 h2 51. Bc3 h1=Q $19 (51... h1=R 52. b6 $11)) 50... Bxe5 $1 (50... Bxh2 $2 51. b7 g3 52. b8=Q $18 (52. b8=B $2 g2 $19)) 51. dxe5 g3 $1 52. b7 gxh2 53. b8=Q (53. b8=R $2 {is the wrong capture.} h1=Q (53... h1=B $2 54. Rh8 $18) 54. Rf8+ Kg6 $19 (54... Kxe5 55. Bc7#)) 53... h1=Q 54. Qf8+ Kg4 55. Qg7+ Kf3 56. Qf6+ Kg3 57. Qg5+ (57. Qxe6 Qe4+ 58. Kd2 h2 59. Qg8+ Kh3 (59... Kf3 $2 60. Qh8 $19) 60. Qe6+ Kg2 61. Qg8+ Kf3 $19) 57... Kf3 58. Qe3+ $2 (58. Qh5+ $11 Kg3 59. Qg5+ Kf3 60. Qf6+ Kg3 61. Qg5+ (61. Qxe6 $2 {loses.} Qf3+ 62. Kd4 h2 $19)) 58... Kg4 $19 59. Kd2 Qg2+ 60. Kc1 h2 61. Qd4+ Qe4 62. Qd1+ Qf3 63. Qxa4+ Qf4+ 0-1

[Event "14th Karen Asrian Memorial 2024"]
[Site "Yerevan"]
[Date "2024.04.24"]
[Round "1.5"]
[White "Davtyan, Artur"]
[Black "Gabadadze, Gabriel"]
[Result "1-0"]
[ECO "E17"]
[WhiteElo "2474"]
[BlackElo "2024"]
[Annotator "TA"]
[PlyCount "87"]
[EventDate "2024.04.24"]
[EventType "swiss"]
[EventCountry "ARM"]
[SourceTitle "playchess.com"]
[Source "ChessBase"]
[SourceQuality "1"]
[TimeControl "40/5400+30:1800+30"]

1. d4 Nf6 2. c4 e6 3. Nf3 b6 4. g3 Bb7 5. Bg2 Be7 6. O-O O-O 7. Re1 h6 8. Nc3 Bb4 9. Qc2 Bxc3 {[%emt 0:02:08] White has an edge.} 10. Qxc3 d6 11. b3 Nbd7 12. Bb2 Qe7 13. Rad1 Be4 14. Bf1 Rfe8 15. Nd2 Bb7 16. e4 e5 17. Qc2 a5 18. Bg2 Rad8 19. Nf1 c5 20. dxe5 dxe5 21. Ne3 {[%emt 0:00:05] White is more active.} Nf8 22. Nd5 Bxd5 (22... Qd6 $16 {was worth a try.} 23. h4 N8d7) 23. exd5 $18 Qd6 24. Qf5 N8d7 25. Re2 Re7 26. Rde1 Rde8 27. h4 g6 28. Qf3 Kh7 29. Bh3 Kg7 30. a4 Kh7 $2 (30... Nf8 31. Qc3 N6d7) 31. Qc3 {[%emt 0:00:42] White is clearly winning.} Nh5 32. Bxd7 Qxd7 33. Rxe5 f6 34. Rxe7+ Rxe7 35. Rxe7+ Qxe7 {[%emt 0:00:10][%mdl 4096] Endgame. KQB-KQN} 36. Qf3 {[%emt 0:00:00] [#] Threatens to win with g4.} Qd6 37. g4 Nf4 38. Bc1 g5 39. Bxf4 gxf4 40. Qe4+ Kg7 41. h5 {[%emt 0:00:00] [#] White wants to mate with Qg6+.} Kf8 42. Kg2 {[%emt 0:00:00] Strongly threatening Kf3.} f3+ 43. Qxf3 Qe5 44. Qe3 {[%emt 0:00:00] Weighted Error Value: White=0.04 (flawless) /Black=0.34.  Mistake:       	---       	Black=2      Inaccurate:     	White=1     	Black=6      OK:         	White=15    	Black=5      Best:        	White=2     	Black=1} 1-0

[Event "14th Karen Asrian Memorial 2024"]
[Site "Yerevan"]
[Date "2024.04.24"]
[Round "1.6"]
[White "Elashvili, Giorgi"]
[Black "Sanikidze, Tornike"]
[Result "0-1"]
[ECO "A36"]
[WhiteElo "2021"]
[BlackElo "2453"]
[Annotator "TA"]
[PlyCount "81"]
[EventDate "2024.04.24"]
[EventType "swiss"]
[EventCountry "ARM"]
[SourceTitle "playchess.com"]
[Source "ChessBase"]
[SourceQuality "1"]
[TimeControl "40/5400+30:1800+30"]

1. c4 g6 2. Nc3 Bg7 3. g3 c5 4. Bg2 Nc6 5. d3 e6 6. Qd2 Nge7 7. h4 h6 8. e4 {[%emt 0:00:30] The position is equal.} O-O 9. Nge2 a6 (9... d5 $5) 10. O-O Rb8 11. b3 b5 {[%emt 0:00:30] aiming for ...b4.} 12. Bb2 d6 13. Rae1 Nd4 14. Nxd4 cxd4 15. Ne2 e5 16. cxb5 axb5 ({Don't play} 16... Rxb5 17. Ba3 $15) 17. Rc1 b4 18. Rc2 d5 19. Rc5 Be6 20. f4 dxe4 (20... Qd6 $17 21. Rfc1 f6) 21. fxe5 $15 e3 22. Qc2 Nf5 23. Be4 Rc8 $36 {[%emt 0:00:30][%mdl 2048] Black is really pushing.} 24. Rxc8 Qxc8 (24... Bxc8 {is interesting.} 25. Bxf5 Bxf5 26. Nxd4 Qb6) 25. Qxc8 Rxc8 26. Nxd4 (26. Bxf5 $15 Bxf5 27. Bxd4) 26... Nxg3 $19 27. Re1 Nxe4 (27... Bxe5 28. Rxe3 Bf4 29. Rf3 $17) 28. Nxe6 Nd2 $1 29. Nd4 {[%emt 0:00:30] [#] Prevents Nf3+.} Bxe5 ({Black should play} 29... Ra8 $1 $19 30. Rxe3 Rxa2) 30. Rxe3 $17 Bf6 {[%emt 0:00:30][%cal Oc8a8] ...Ra8! is the strong threat. Black is much more active.} 31. Nf5 $2 Bxb2 $19 32. Ne7+ (32. Nxh6+ $2 {is the wrong capture.} Kg7 33. Re2 Rc2 $19) 32... Kf8 33. Nxc8 {[%emt 0:00:30][%mdl 4096] Endgame. KRN-KBN} Bd4 34. Kf2 {[%emt 0:00:30][%cal Of2e2] [#]} Nf1 $1 35. Kxf1 Bxe3 {KB-KN} 36. Ke2 (36. Nd6 {only move.} Ke7 37. Nc4) 36... Bc5 {[%emt 0:01:00] Strongly threatening ...Ke8.} 37. Kf3 $2 (37. d4 Bxd4 38. Nd6) 37... Ke8 38. d4 Kd7 39. dxc5 Kxc8 40. Ke4 Kc7 41. Kd4 {[%emt 0:30:30] Weighted Error Value: White=0.68/Black=0.17 (very precise) .  Loses game:     	White=2     	---        Mistake:       	White=2     	Black=2      Inaccurate:     	White=2     	Black=1      OK:         	White=12    	Black=13     Best:        	White=3     	Black=6      Strong:       	---       	Black=1      Brilliant:      	---       	Black=1} 0-1

[Event "14th Karen Asrian Memorial 2024"]
[Site "Yerevan"]
[Date "2024.04.24"]
[Round "1.7"]
[White "Shahinyan, David"]
[Black "Khachatryan, Anna"]
[Result "1-0"]
[ECO "B23"]
[WhiteElo "2441"]
[BlackElo "2014"]
[Annotator "TA"]
[PlyCount "69"]
[EventDate "2024.04.24"]
[EventType "swiss"]
[EventCountry "ARM"]
[SourceTitle "playchess.com"]
[Source "ChessBase"]
[SourceQuality "1"]
[TimeControl "40/5400+30:1800+30"]

1. e4 c5 2. Nc3 Nc6 3. Bb5 Nd4 4. Nf3 a6 5. Bd3 Nc6 6. O-O e6 7. Nd5 d6 8. Ne3 {[%emt 0:00:09] White has an edge.} g6 9. c3 Bg7 10. Bc2 d5 11. exd5 exd5 12. d4 cxd4 13. cxd4 Nge7 14. b3 O-O 15. Bb2 Be6 16. Qd2 Qd6 17. Rfe1 Rfe8 18. Rad1 Rad8 19. h3 Nc8 20. Ng4 Bxg4 21. hxg4 Qc7 22. Bb1 Nd6 23. Qg5 Ne4 24. Qh4 h6 25. Ne5 Nxe5 26. dxe5 Nc3 27. Bxc3 Qxc3 28. e6 {[%emt 0:00:02] exf7+ would now be deadly.} g5 (28... Qf6 $11 29. exf7+ Qxf7) 29. exf7+ $14 Kxf7 {[%emt 0:00:01] [#]} 30. Qh5+ $1 Kf8 31. Rf1 {[%emt 0:00:01] And now Rd3 would win.} d4 $2 {[%emt 0:01:21][%mdl 8192] Black cannot hold the game after this.} (31... Re7 $14) 32. Rd3 $18 Qc7 33. Rf3+ Kg8 34. Qg6 {[%emt 0:00:04][%csl Gb1][%cal Rg6h7] [#]} d3 35. Bxd3 {[%emt 0:00:04] Weighted Error Value: White=0.03 (flawless) /Black=0.59.  Loses game:     	---       	Black=1      Mistake:       	---       	Black=1      Inaccurate:     	White=1     	Black=3      OK:         	White=11    	Black=10     Best:        	White=2     	Black=1      Strong:       	White=1     	---} 1-0

[Event "14th Karen Asrian Memorial 2024"]
[Site "Yerevan"]
[Date "2024.04.24"]
[Round "1.8"]
[White "Pereverzev, Timofei"]
[Black "Aleksandrov, Aleksej"]
[Result "1/2-1/2"]
[ECO "C77"]
[WhiteElo "1989"]
[BlackElo "2438"]
[Annotator "TA"]
[PlyCount "97"]
[EventDate "2024.04.24"]
[EventType "swiss"]
[EventCountry "ARM"]
[SourceTitle "playchess.com"]
[Source "ChessBase"]
[SourceQuality "1"]
[TimeControl "40/5400+30:1800+30"]

1. e4 e5 2. Nf3 Nc6 3. Bb5 a6 4. Ba4 Nf6 5. d3 d6 6. c3 g6 7. O-O Bg7 8. h3 O-O 9. Nbd2 Nd7 10. Re1 {[%emt 0:02:05] White has an edge.} Nc5 11. Bc2 Ne6 12. Nf1 f5 {[%emt 0:00:39] [#]} (12... a5 $14) 13. exf5 $1 $16 gxf5 {[%emt 0:00:05] [#]} 14. d4 $1 e4 $1 15. d5 exf3 16. dxe6 Ne5 17. Bb3 {[%emt 0:01:03] Threatens to win with e7+.} (17. gxf3 f4 (17... Bxe6 18. f4 $16) 18. Qd5 Qg5+ $17) 17... Qe7 {[%emt 0:01:31] [#]} 18. Bg5 Qxg5 19. e7+ Kh8 20. exf8=Q+ (20. exf8=B $2 Qxg2#) 20... Bxf8 21. g3 {[%emt 0:00:49] aiming for Nd2. Really sharp!} f4 22. Qd2 Bxh3 23. Qxf4 $40 {[%emt 0:00:07][%mdl 128] White attacks.} Qh5 {[%emt 0:05:54] ...Bxf1 would now be deadly.} 24. Ne3 (24. Nh2 $5) 24... Bg7 25. Rad1 Rf8 26. Qe4 Bc8 {[%emt 0:07:30] A strong pair of Bishops.} 27. Qh4 {[%emt 0:15:41] Prevents Bf6.} Qxh4 28. gxh4 Ng6 29. Nd5 Be5 30. h5 (30. Rxe5 {simplifies} dxe5 31. h5 Nh4 32. Nxc7 e4 33. Ne6) 30... Nh4 (30... Rf5 $1 $11 31. hxg6 Rg5+ 32. Kh1 Rh5+ 33. Kg1 Bh2+ 34. Kh1 Bf4+ 35. Kg1 Bh2+ 36. Kh1 Bf4+ 37. Kg1 Bh2+) 31. Nxc7 Ng2 {[%emt 0:00:05] [#]} 32. Rxe5 $1 dxe5 33. Bd5 {[%emt 0:00:04] White is more active.} ({White should try} 33. h6 $14) 33... Nf4 $11 34. Bxf3 Nh3+ 35. Kg2 Nxf2 36. Rd2 (36. Kxf2 $14 Bg4 37. Rd3) 36... Nh3 (36... e4 $5) 37. Nd5 Ng5 38. Rf2 Kg7 39. Be2 {[%emt 0:00:27][%cal Oh5h6] Hoping for h6+!} Bh3+ 40. Kg1 {[%emt 0:00:00][%cal Oh5h6] h6+! is the strong threat.} Rd8 41. c4 Be6 {[%emt 0:01:53] Strongly threatening ...Nh3+.} 42. Rg2 Kh6 43. Kf2 b5 (43... Bxd5 $17 44. cxd5 Nh3+ (44... Rxd5 45. Ke3 $15) 45. Ke3 Nf4 (45... Rxd5 46. Bf3 $11)) 44. Ke3 bxc4 45. Nf6 Rb8 {[%emt 0:06:54] [#]} (45... Nh3 $11 46. Ng4+ Bxg4 (46... Kxh5 47. Nxe5+ Kh6 48. Bxc4 $14) 47. Rxg4 c3 (47... Kxh5 $2 {is the wrong capture.} 48. Rg8+ Kh6 49. Rxd8 $18)) 46. Nxh7 $1 $14 {[%emt 0:01:00] White is slightly better.} Kxh7 47. Rxg5 Rxb2 48. Rxe5 Bg8 49. Rc5 {[%emt 0:03:39] Weighted Error Value: White=0.14 (very precise) /Black=0.13 (very precise) .  Mistake:       	White=3     	Black=5      Inaccurate:     	White=4     	Black=2      OK:         	White=14    	Black=14     Best:        	White=7     	Black=4      Strong:       	White=1     	Black=1      Brilliant:      	White=1     	---} (49. a4 $14) 1/2-1/2

[Event "14th Karen Asrian Memorial 2024"]
[Site "Yerevan"]
[Date "2024.04.25"]
[Round "2.1"]
[White "Pashikyan, Rudolf"]
[Black "Petrosyan, Manuel"]
[Result "0-1"]
[ECO "B51"]
[WhiteElo "2286"]
[BlackElo "2616"]
[Annotator "TA"]
[PlyCount "112"]
[EventDate "2024.04.24"]
[EventType "swiss"]
[EventCountry "ARM"]
[SourceTitle "playchess.com"]
[Source "ChessBase"]
[SourceQuality "1"]
[TimeControl "40/5400+30:1800+30"]

1. e4 c5 2. Nf3 d6 3. Bb5+ Nd7 4. Ba4 Ngf6 5. O-O g6 6. Qe2 a6 {[%emt 0:00:48] White must now prevent ...b5.} 7. c3 b5 8. Bc2 {[%emt 0:00:08] The position is equal.} Bb7 9. d4 Bg7 10. a4 O-O 11. h3 Qc7 12. d5 b4 13. a5 Rae8 14. Bf4 e6 15. dxe6 Rxe6 16. Ng5 Re7 17. Qd1 {[%emt 0:02:01] [#]} (17. Rd1 $11 Ne5 18. Nd2) 17... Ne5 $1 $17 (17... Nxe4 $2 {loses.} 18. Bxe4 Rxe4 (18... Bxe4 $2 {perishes.} 19. Bxd6 Qc6 20. Bxe7 $18) 19. Nxe4 (19. Bxd6 Qc6 $18) 19... Bxe4 20. f3 $18 (20. Qxd6 Qb7 $16) (20. Bxd6 Qc6 $18)) (17... Bxe4 $2 18. Bxe4 Nxe4 19. Nxe4 Rxe4 20. Bxd6 $18 (20. Qxd6 Qxd6 21. Bxd6 Rfe8 $17)) 18. Nd2 bxc3 19. bxc3 Rd8 20. Ngf3 Bc6 (20... Nc6 $15) 21. Re1 Bb5 22. Nxe5 dxe5 23. Be3 Nh5 24. Qb1 Rb8 25. Qa2 c4 26. Bb6 Qc6 27. Nf1 Nf4 28. Ne3 Rd7 29. Kf1 Bf8 30. Ng4 {[%emt 0:08:20] [#]} (30. Red1 $11) 30... Re8 {[%emt 0:03:40] Black is more active.} (30... Nd3 $1 $17 31. Kg1 Bg7) 31. Rad1 (31. Ne3 $15) 31... Rxd1 (31... Nd3 $17 {And now ...h5 would win.} 32. Re2 h5) 32. Rxd1 $15 {[%emt 0:00:03] [#]} f5 $1 33. Ne3 fxe4 34. g3 ({White should try} 34. Ra1 $15) 34... Nd3 ({Don't play} 34... Nxh3 $6 35. Qb1 Ng5 36. Nd5 $11) 35. Bxd3 exd3 36. Rxd3 Qh1+ 37. Ke2 Qxh3 38. Rd1 Qh5+ (38... Kf7 $17 39. Qc2 Bc6) 39. Ke1 Qh1+ 40. Ke2 Qh5+ 41. Ke1 Kg7 42. Qe2 Qh1+ (42... Qxe2+ {simplifies} 43. Kxe2 Bc6 44. Nd5 Bd6) 43. Qf1 Qe4 44. Qg2 Qxg2 45. Nxg2 Kf7 46. Ne3 Rc8 47. Nd5 $1 Bd6 {[%emt 0:00:20] Prevents Nc7.} 48. Ke2 (48. Nf6 $1 $15 Kxf6 49. Rxd6+ Ke7 50. Rd2) 48... Ke6 $17 49. Ne3 h5 50. Rh1 Bc6 51. Rb1 Be4 {[%emt 0:01:09] A strong pair of Bishops.} 52. Rb2 (52. Re1 $142) 52... Bd3+ $19 53. Ke1 g5 54. Ng2 $2 {[%emt 0:00:38] [#]} (54. Ba7 {was called for.}) 54... h4 $1 {[%emt 0:01:44][%mdl 512] Black is clearly winning.} 55. gxh4 (55. Ne3 h3) 55... gxh4 56. Nxh4 Rh8 {[%emt 0:00:21] Weighted Error Value: White=0.29 (precise) /Black=0.14 (very precise) .  Mistake:       	White=7     	Black=4      Inaccurate:     	White=3     	Black=2      OK:         	White=14    	Black=28     Best:        	White=4     	---        Strong:       	White=1     	Black=1} 0-1